cohdb
Replays
Latest Replays
All Replays
Popular Replays
Top Player Replays
Match Explorer
How It Works
Community
CoH3 Stats
Reddit
Sign in to upload your games and track your stats! →
Sign in with Steam
USF jeep start vs DAK - I feel this unit has a lot of potential
Match 9855653
Overview
Messages
Build Orders
End
Panzerpioneer Squad
Panzerpioneer Squad
Selects Armored Suppot Battlegroup
250 Light Carrier
Construct Light Support Kompanie
Assault Grenadier Squad
Selects Vehicle Awareness
Assault Grenadier Squad
Construct Mechanized Kompanie
Selects Superior Fire Drills
8 Rad Armored Car
Tungsten Core Ammunition
Marder III Tank Destroyer
Support Armor Elements
StuG III D Assault Gun
Selects Flammpanzer III Medium Tank Sd.Kfz. 141
Emergency Repair Kits
Vehicle Survival Package
StuG III D Assault Gun
Marder III Tank Destroyer
Selects Command Panzer IV F Medium Tank
Assault Mechanized Group
Panzerpioneer Squad
Command Panzer IV F Medium Tank
Rapid Advance
Selects Panzer Storm
StuG III D Assault Gun
Selects Stuka Anti-tank Loiter
StuG III D Assault Gun
AI Takeover
Kannamix
Esxile
0
0
Comments
sign in to comment!
No comments posted yet!